 Dungeon Crawl Stone Soup version 0.25.1-2-g60ff931df9 (webtiles) character file.

Game seed: 8495614980329243726

12 DogServant the Grasshopper (level 2, 0/24 HPs)
             Began as a Draconian Warper on Oct 23, 2020.
             Slain by a gnoll
             ... wielding a +0 whip
              (3 damage)
             ... on level 1 of the Dungeon.
             The game lasted 00:00:58 (241 turns).

DogServant the Grasshopper (Draconian Warper)        Turns: 241, Time: 00:00:58

Health: 0/24       AC:  4    Str: 13    XL:     2   Next: 20%
Magic:  5/5        EV: 12    Int: 13    God:
Gold:   10         SH:  0    Dex: 10    Spells: 5/5 levels left

rFire    . . .     SeeInvis .   a - +0 spear
rCold    . . .     Gourm    .   (no shield)
rNeg     . . .     Faith    .   (armour unavailable)
rPois    .         Spirit   .   (helmet restricted)
rElec    .         Reflect  .   (no cloak)
rCorr    .         Harm     .   (no gloves)
MR       .....                  (no boots)
Stlth    +.........             (no amulet)
HPRegen  0.08/turn              (no ring)
MPRegen  0.09/turn              (no ring)

@: no status effects
A: unfitting armour, cold-blooded, AC +4
a: no special abilities


You were on level 1 of the Dungeon.
You were not hungry.

You visited 1 branch of the dungeon, and saw 1 of its levels.

You collected 10 gold pieces.

Inventory:

Hand Weapons
 a - a +0 spear (weapon)
Scrolls
 c - a scroll of blinking
 e - a scroll of teleportation {unknown}
Potions
 g - a potion of degeneration {unknown}
 h - a potion of heal wounds {unknown}
Comestibles
 b - 9 chunks of flesh
 f - 2 rations


   Skills:
 - Level 2.1 Fighting
 + Level 2.5 Polearms
 - Level 0.8 Throwing
 - Level 2.1 Dodging
 + Level 2.4 Spellcasting
   Level 3.0 Translocations


You had 5 spell levels left.
You didn't know any spells.
Your spell library contained the following spells:

 Spells                   Type           Power        Failure   Level  Hunger
 Blink                    Tloc           N/A          11%         2    ###....
 Shroud of Golubria       Chrm/Tloc      #.....       21%         2    ###....
 Gell's Gravitas          Tloc           #.........   22%         3    ###....
 Lesser Beckoning         Tloc           #.........   22%         3    ###....
 Teleport Other           Tloc           #.......     22%         3    ###....
 Passage of Golubria      Tloc           N/A          56%         4    #####..


Dungeon Overview and Level Annotations

Branches:
Dungeon (1/15)

Altars:


Innate Abilities, Weirdness & Mutations

Your plain brown scales are hard. (AC +4)
You cannot fit into any form of body armour.
You are cold-blooded and may be slowed by cold attacks.


Message History

Press: ? - help, Shift-Dir - straight line, f/p - gnoll
Aim: a gnoll, wielding a +0 whip (moderately wounded)
You throw a boomerang of dispersal.
The boomerang of dispersal hits the gnoll but does no damage.
The gnoll is moderately wounded.
Throwing (i - inventory)
d - 2 boomerangs of dispersal (quivered)
Press: ? - help, Shift-Dir - straight line, f/p - gnoll
Aim: a gnoll, wielding a +0 whip (moderately wounded)
You throw a boomerang of dispersal.
The boomerang of dispersal barely misses the gnoll.
Unknown command.
Throwing (i - inventory)
d - a boomerang of dispersal (quivered)
Press: ? - help, Shift-Dir - straight line, f/p - gnoll
Aim: a gnoll, wielding a +0 whip (moderately wounded)
You throw a boomerang of dispersal.
The boomerang of dispersal barely misses the gnoll.
You are too injured to fight recklessly!
You are too injured to fight recklessly!
The gnoll hits you with a +0 whip.
You die...

##.# #.#............#
###'###.#.#...#.###...
#.......#.#...........
#.......#.#.....###.##
#.......#.#.....#....
#.......#.#.....#.#...
#.........# #.#...
#......####...# # ####
#####@.# #...### ..
##g## #?.... .#
######..# #....#
...)...#.###....#
.....[....# ....#
.......#..###...###..
....................g
.......#.#.#.........
.......#.#.#.g...#.#.


You could see a gnoll.

Vanquished Creatures
  A dart slug (D:1)
  2 bats (D:1)
  2 giant cockroaches (D:1)
  A goblin (D:1)
  2 hobgoblins (D:1)
  A rat (D:1)
9 creatures vanquished.

Notes
Turn   | Place    | Note
-------+----------+-------------------------------------------
     0 | D:1      | DogServant the Draconian Warper began the quest for the
                  | Orb.
     0 | D:1      | Reached XP level 1. HP: 17/17 MP: 3/3
   102 | D:1      | Reached XP level 2. HP: 19/24 MP: 5/5
   241 | D:1      | Slain by a gnoll

Illustrated notes

Levels and vault maps discovered:
D:1:      evilmike_arrival_plus, layout_basic

Action                   || total
-------------------------++-------
Melee: Spear             ||    44
       Tailslap          ||     4
Throw: Boomerang         ||     5
 Stab: Sleeping          ||     1
Armor: Skin              ||    15
Dodge: Dodged            ||    28
